Map: Whispers of Gold

Players

ZXRR

  • Race: Terran Terran
  • League: Platinum
  • Spawn Location: 9:00

wootwoot - Winner!

  • Race: Protoss Protoss
  • League: Gold
  • Spawn Location: 5:00

VOD

Have the link to the VOD?

Description

Time

  • Played on: April 21, 2025, 12:58 p.m.
  • Length: 5:35
Show
View Real Time Build Order
Export as new Build Order

ZXRR Terran 

Build Orders: Banshee Rush 

Get SALT Encoding   

  12  0:00  SCV  
  13  0:12  SCV  
  14  0:18  Supply Depot  
  14  0:24  SCV  
  15  0:39  SCV  
  15  0:40  Barracks  
  16  0:46  Refinery  
  16  0:51  SCV  
  16  0:54  Refinery  
  17  1:03  SCV  
  18  1:16  SCV  
  19  1:28  SCV  
  19  1:29  Supply Depot, Marine  
  21  1:36  Factory  
  21  1:41  SCV  
  22  1:50  Barracks Tech Lab  
  22  2:02  Bunker  
  22  2:09  Orbital Command  
  22  2:14  Concussive Shells  
  24  2:23  Marauder  
  23  2:34  Widow Mine  
  25  2:38  SCV  
  26  2:48  Supply Depot, Marine  
  27  2:52  Starport  
  27  2:55  SCV  
  28  3:01  Stimpack  
  28  3:08  Factory Tech Lab  
  28  3:09  Marine  
  28  3:11  SCV  
  30  3:22  Supply Depot  
  30  3:29  Marine  
  31  3:35  SCV  
  31  3:39  Cloaking Field, Banshee  
  35  3:42  Factory Reactor  
  35  3:51  Supply Depot  
  35  3:54  Marine  
  35  4:00  SCV  
  31  4:18  Marauder  
  31  4:28  SCV  
  32  4:38  Banshee  
  32  4:40  SCV, Marauder  
  36  4:52  SCV  
  33  5:04  SCV  
  19  5:16  SCV  
Show
View Real Time Build Order
Export as new Build Order

wootwoot Protoss - Winner!

Build Orders:  

Get SALT Encoding   

  12  0:02  Probe  
  13  0:14  Probe  
  13  0:19  Pylon  
  14  0:26  Probe  
  15  0:38  Gateway  
  15  0:42  Assimilator  
  15  0:50  Pylon  
  15  1:09  Gateway  
  15  1:16  Gateway  
  15  1:30  Cybernetics Core  
  15  1:55  Stalker x2  
  15  1:58  Warp Gate  
  19  2:09  Probe  
  19  2:12  Assimilator  
  20  2:22  Probe  
  21  2:34  Probe  
  22  2:40  Robotics Facility  
  22  2:46  Probe  
  23  2:58  Probe  
  24  3:09  Gateway  
  24  3:16  Warp Prism  
  24  3:22  Probe  
  27  3:31  Pylon  
  27  3:39  Probe  
  28  3:46  Stalker  
  30  3:52  Stalker  
  32  3:59  Pylon  
  32  4:07  Zealot  
  34  4:12  Zealot  
  30  4:28  Observer  
  30  4:29  Stalker  
  29  4:39  Stalker x2  
  31  4:57  Zealot x2  
  35  5:07  Stalker  
  35  5:08  Observer  
  35  5:17  Stalker  
Tags
 
Add a new tag
Caveats
  • Supply blocks, unpowered buildings, or Contaminate may cause inaccurate times.
  • Supply counts are checked every 10 seconds.